AoeStats
← 0800goon

Nomad

510198958Analyzed
3v3 RM · 3d ago on Sep 29, 2026· 41m 41s· 6 players
Game mode
Random Map
Map size
210×210
Population
200
Speed
Normal
Resources
Standard
Victory
Conquest
Starting age
Dark Age
Ending age
Imperial Age
RankedLock teamsTeams togetherTeam positionsShared explorationLock speedFull tech treeHidden civsTurbo modeCheats
Victory
Defeat
🇨🇦 Varangians · Canada
853
+13
🇺🇸 Spanish · United States
780
+16
🇨🇳 Goths · China
772
+16
🇦🇷 Varangians · Argentina
810
-15
🇦🇷 Persians · Argentina
774
-15
🇦🇷 Bulgarians · Argentina
769
-15
0800goon
5:55 Loom
22:13 Feudal Age
23:23 Man-at-Arms
26:07 Wheelbarrow
29:34 Fishing Lines
32:08 Double-Bit Axe
HEAD__SHOT
14:14 Loom
17:08 Feudal Age
18:18 Wheelbarrow
17:26 Fishing Lines
20:12 Double-Bit Axe
20:21 Stone Mining
20:21 Gold Mining
24:48 Castle Age
23:48 Fletching
23:59 Padded Archer Armor
25:12 Bodkin Arrow
25:49 Hand Cart
26:12 Gillnets
27:59 Kamandaran
29:39 Bow Saw
30:52 Crossbowman
32:01 Medium Warships
34:22 Ballistics
34:59 Leather Archer Armor
35:11 Herbal Medicine
43:18 Imperial Age
40:33 Town Watch
Nahue
Searam
6:24 Loom
17:11 Feudal Age
18:43 Wheelbarrow
18:00 Double-Bit Axe
19:34 Fishing Lines
20:40 Arson
23:25 Castle Age
25:48 Hand Cart
27:12 Scale Mail Armor
27:22 Forging
30:30 Bow Saw
32:26 Squires
35:35 Bloodlines
35:26 Husbandry
38:12 Imperial Age
36:45 Gillnets
38:21 Elite Varangian Guard
38:29 Elite Varangian Guard
38:56 Gambesons
41:09 Chain Mail Armor
41:30 Iron Casting
WHIRLYBIRDER
15:18 Feudal Age
15:44 Double-Bit Axe
16:00 Horse Collar
16:30 Loom
22:54 Castle Age
21:31 Wheelbarrow
22:04 Stone Mining
24:19 Castle Age
22:28 Padded Archer Armor
23:58 Gold Mining
25:53 Bow Saw
27:37 Light Cavalry
28:29 Bloodlines
29:59 Heavy Plow
32:42 Leather Archer Armor
33:16 Hand Cart
34:14 Husbandry
35:56 Forging
36:40 Scale Barding Armor
37:13 Iron Casting
38:23 Stone Shaft Mining
43:50 Imperial Age
41:44 Chain Barding Armor
欧皇
6:38 Loom
17:10 Feudal Age
35:06 Castle Age
34:16 Town Watch
35:55 Wheelbarrow
35:06 Horse Collar
35:14 Double-Bit Axe
Connection lost

Rejoining the realm…

Still unreachable

The connection could not be restored.

Session expired

The server has moved on; the page needs a fresh start.